 Dungeon Crawl Stone Soup version 0.19.0-2-gae57169 (webtiles) character file.

262 Patchouli the Caller (level 6, 0/35 HPs)
             Began as a Tengu Summoner on Nov 5, 2016.
             Killed by divine providence
             ... invoked by an orc priest
              (12 damage)
             ... on level 6 of the Dungeon.
             The game lasted 00:13:57 (2106 turns).

Patchouli the Caller (Tengu Summoner)               Turns: 2106, Time: 00:13:58

Health: 0/35       AC:  3    Str:  9    XL:     6   Next: 18%
Magic:  8/12       EV: 13    Int: 17    God:
Gold:   132        SH:  0    Dex: 14    Spells: 3 memorised, 3 levels left

rFire  . . .     SeeInvis .     s - +0 dagger
rCold  + . .     Gourm    .     a - +0 robe
rNeg   . . .     Faith    .     (no shield)
rPois  .         Spirit   .     (helmet restricted)
rElec  .         Reflect  .     (no cloak)
rCorr  .         Harm     .     u - +0 pair of gloves
MR     .....                    (boots unavailable)
Stlth  ++........               (no amulet)
                                (no ring)
                                x - ring of protection from cold

@: no status effects
A: beak, talons 3, able to fly 1
a: Fly


You were on level 6 of the Dungeon.
You were hungry.

You visited 1 branch of the dungeon, and saw 6 of its levels.

You collected 132 gold pieces.

Inventory:

Hand Weapons
 s - a +0 dagger (weapon)
Missiles
 e - 10 javelins (quivered)
Armour
 a - a +0 robe (worn)
 u - a +0 pair of gloves (worn)
Jewellery
 h - an uncursed ring of ice
 x - a ring of protection from cold (left hand)
Scrolls
 l - a scroll of recharging
 r - 2 scrolls of magic mapping
 v - 2 scrolls of identify
 y - a scroll of blinking
Potions
 d - 3 potions of lignification
 f - a potion of flight {unknown}
 j - 3 potions of resistance {unknown}
 m - a potion of might {unknown}
 n - a potion of curing {unknown}
 o - a potion of cancellation {unknown}
 p - a potion of beneficial mutation {unknown}
 t - 2 potions of agility {unknown}
 w - a potion of magic {unknown}
Books
 b - a book of Callings

   Spells                             Type                      Level
   a - Summon Small Mammal            Summoning                    1
   b - Call Imp                       Summoning                    2
   c - Call Canine Familiar           Summoning                    3
   d - Summon Guardian Golem          Hexes/Summoning              3
   e - Summon Lightning Spire         Summoning/Air                4
   f - Summon Ice Beast               Ice/Summoning                4
 i - a book of Maledictions

   Spells                             Type                      Level
   a - Corona                         Hexes                        1
   b - Ensorcelled Hibernation        Hexes/Ice                    2
   c - Confuse                        Hexes                        3
   d - Tukima's Dance                 Hexes                        3
   e - Dazzling Spray                 Conjuration/Hexes            3
 k - a book of Changes

   Spells                             Type                      Level
   a - Beastly Appendage              Transmutation                1
   b - Sticks to Snakes               Transmutation                2
   c - Spider Form                    Transmutation/Poison         3
   d - Ice Form                       Ice/Transmutation            4
   e - Blade Hands                    Transmutation                5
Comestibles
 c - 4 bread rations
 g - 4 meat rations


   Skills:
 + Level 2.1 Fighting
 + Level 2.1 Armour
 + Level 3.3 Dodging
 - Level 2.0 Stealth
 * Level 3.4 Spellcasting
 * Level 6.0 Summonings


You had 3 spell levels left.
You knew the following spells:

 Your Spells              Type           Power        Failure   Level  Hunger
a - Summon Guardian Gole  Hex/Summ       ##......     17%         3    ###....
b - Call Imp              Summ           ###.....     2%          2    ##.....
c - Call Canine Familiar  Summ           ###.....     6%          3    ###....


Dungeon Overview and Level Annotations

Branches:
Dungeon (6/15)
 Temple: D:4-7

Altars:
Gozag
Okawaru


Innate Abilities, Weirdness & Mutations

You have a beak for a mouth.
You have claws for feet.
You can fly.


Message History

Unknown command.
Your hound misses the orc priest.
Your hound bites the orc priest but does no damage.
The orc priest completely misses your hound.
Your hound barely misses the orc priest.
The orc priest hits your hound with a short sword.
What are your orders? t - Shout!
Orders for allies: a - Attack new target. p - Attack previous target. r - Retreat! s - Stop attacking. g - Guard the area. f - Follow me.
Anything else - Cancel.
Gang up on whom?
Press: ? - help, Dir - move target cursor, f/p - orc priest
Aim: an orc priest, wielding a short sword and wearing a scale mail (almost dead) Attack!
Your hound misses the orc priest.
Your hound bites the orc priest but does no damage.
The orc priest calls down the wrath of Beogh upon you.
Beogh smites you!
You die...

##########
.........#
###.####.#
.##.####.#
......##.#########
.##....#.........#
..........######@##
.........## #...#
.##.#.#### #...#
.##.### #..$#
.##.###### ##.##
.##..§§§§# #.#
.....§§§§# #h#
..##.§§§§# #o#
..*#.....# #o#


You could see an orc priest and a friendly hound.

Vanquished Creatures
  A kobold (D:5)
1 creature vanquished.

Vanquished Creatures (collateral kills)
  Menkaure (D:5)
  An ogre (D:5)
  A big kobold (D:5)
  A howler monkey (D:5)
  A crimson imp (D:5)
  A bullfrog skeleton (D:5)
  An iguana (D:4)
  A worker ant (D:4)
  2 adders
  A shadow imp (D:5)
  An ooze (D:3)
  A worm (D:4)
  A leopard gecko (D:4)
  2 orcs
  2 bats (D:3)
  2 giant cockroaches
  A hobgoblin (D:2)
  6 jackals (D:5)
  A frilled lizard (D:3)
  20 kobolds
  A leopard gecko skeleton (D:5)
  A rat (D:2)
50 creatures vanquished.

Grand Total: 51 creatures vanquished

Notes
Turn   | Place    | Note
-------+----------+-------------------------------------------
     0 | D:1      | Patchouli the Tengu Summoner began the quest for the Orb.
     0 | D:1      | Reached XP level 1. HP: 10/10 MP: 4/4
    26 | D:2      | Found an opulent altar of Gozag.
   113 | D:4      | Noticed a worker ant
   182 | D:4      | Found an iron altar of Okawaru.
   253 | D:3      | Reached XP level 2. HP: 15/16 MP: 1/6
   296 | D:3      | Reached skill level 5 in Summonings
   339 | D:4      | Learned a level 2 spell: Call Imp
   562 | D:5      | Entered Level 5 of the Dungeon
   562 | D:5      | Noticed an ogre
   647 | D:4      | Reached skill level 1 in Fighting
   647 | D:4      | Reached XP level 3. HP: 20/20 MP: 3/7
   652 | D:4      | Learned a level 3 spell: Call Canine Familiar
   777 | D:5      | Noticed Menkaure
   836 | D:4      | Reached skill level 1 in Armour
   941 | D:5      | Reached XP level 4. HP: 25/25 MP: 2/9
  1191 | D:5      | Noticed an ice beast
  1298 | D:5      | Killed an ogre
  1298 | D:5      | Gained mutation: You can fly. [Tengu growth]
  1298 | D:5      | Reached XP level 5. HP: 30/30 MP: 2/10
  1482 | D:5      | Noticed a big kobold
  1497 | D:5      | Killed a big kobold
  1887 | D:5      | Killed Menkaure
  1887 | D:5      | Reached skill level 6 in Summonings
  1887 | D:5      | Reached XP level 6. HP: 35/35 MP: 3/12
  1892 | D:5      | Learned a level 3 spell: Summon Guardian Golem
  2106 | D:6      | Killed from afar by an orc priest

Skill      XL: |  1  2  3  4  5 |
---------------+----------------+-----
Summonings     | 5 6 |  6.0
Fighting       | 1 2 |  2.1
Armour         | 1 2 |  2.1
Spellcasting   | 3 |  3.4
Dodging        | 3 |  3.3
Stealth        | |  2.0

Action                   |  1- 3 |  4- 6 || total
-------------------------+-------+-------++-------
Melee: Unarmed           |    10 |     5 ||    15
       Peck              |     1 |     1 ||     2
       Kick              |     1 |     1 ||     2
       Dagger            |       |     1 ||     1
 Cast: Summon Small Mamm |    13 |       ||    13
       Call Imp          |    17 |     8 ||    25
       Call Canine Famil |     2 |    15 ||    17
  Use: Scroll            |     4 |     2 ||     6
  Eat: Chunk             |     1 |     4 ||     5
       Beef jerky        |       |     1 ||     1
Armor: Robe              |     8 |     3 ||    11
Dodge: Dodged            |    16 |    14 ||    30
